 Dungeon Crawl Stone Soup version 0.31-a0-963-ga325b2283a (webtiles) character file.

Game seed: 15259198846189128514

21 Xavori the Trooper (level 3, 0/30 HPs)
             Began as a Djinni Chaos Knight on Oct 25, 2023.
             Was a Plaything of Xom.
             Slain by an ufetubus (3 damage)
             ... summoned by Xom
             ... on level 1 of the Dungeon.
             The game lasted 00:00:55 (463 turns).

Xavori the Trooper (Djinni Chaos Knight)             Turns: 463, Time: 00:00:56

Health: 0/30       AC:  5    Str: 11    XL:     3   Next: 5%
Gold:   20         EV: 12    Int: 13    God:    Xom [*.....] SH:  0 Dex: 14

rFire   + + .        a - +0 falchion (chaos)
rCold   x . .        (no shield)
rNeg    . . .        b - +2 leather armour
rPois   ∞            (no helmet)
rElec   .            (no cloak)
rCorr   .            (no gloves)
SInv    .            (boots unavailable)
Will    .....        (no amulet)
Stlth   +            (no ring)
HPRegen 0.25/turn    (no ring)
MPRegen 0.00/turn

%: infuse magic (-1 HP)
@: flying
A: sickness immunity, fire resistance 2, cold vulnerability 1, float, innate
caster, HP casting, extra vitality 1
a: Renounce Religion


You were on level 1 of the Dungeon.
You worshipped Xom.
You were a special plaything of Xom.
You visited 1 branch of the dungeon, and saw 1 of its levels.

You collected 20 gold pieces.

Inventory:

Hand Weapons
 a - a +0 falchion of chaos (weapon)
Armour
 b - a +2 leather armour (worn)
Scrolls
 c - a scroll of butterflies
 d - 2 scrolls of amnesia {unknown}
 e - 2 scrolls of fear {unknown}
Potions
 f - 2 potions of degeneration {unknown}


   Skills:
 + Level 3.1 Fighting
 + Level 2.8 Long Blades
 + Level 1.3 Armour
 + Level 2.4 Dodging
 * Level 0.5 Spellcasting
 * Level 0.5 Conjurations
 * Level 0.5 Hexes
   Level 0.0 Charms
 * Level 0.5 Summonings
 * Level 0.5 Necromancy
 * Level 0.5 Translocations
 * Level 0.5 Transmutations
 * Level 0.5 Fire Magic
 * Level 0.5 Ice Magic
 * Level 0.5 Air Magic
 * Level 0.5 Earth Magic
 * Level 0.5 Poison Magic


You knew the following spells:

 Your Spells              Type           Power      Damage    Failure   Level
a - Foxfire               Conj/Fire      4%         2x1d4     30%         1
Your spell library was empty.

Dungeon Overview and Level Annotations

Branches:
Dungeon (1/15)

Altars:


Innate Abilities, Weirdness & Mutations

You are immune to sickness and miasma.
You are immune to poison.
Your flesh is very heat resistant. (rF++)
You are vulnerable to cold. (rC-)
You float through the air rather than walking.
You learn spells naturally, not from books.
Your magical power is your life essence.
You have superior vitality. (+4 MHP)


Message History

The ufetubus hits you.
You barely miss the ufetubus.
The ufetubus hits you but does no damage.
The ufetubus barely misses you. The ufetubus hits you.
The ufetubus completely misses you. The ufetubus hits you. x2
The ufetubus slips past you! The ufetubus misses you.
The ufetubus barely misses you.
Unknown command.
You miss the ufetubus. The ufetubus barely misses you.
The ufetubus misses you. x2
The ufetubus hits you.
Unknown command.
You are too injured to fight recklessly!
Unknown command.
Unknown command.
You are too injured to fight recklessly!
The ufetubus barely misses you. The ufetubus misses you.
The ufetubus attacks as it pursues you! The ufetubus misses you.
The ufetubus closely misses you.
The ufetubus hits you but does no damage. x2
The ufetubus attacks as it pursues you! The ufetubus misses you.
The ufetubus barely misses you. The ufetubus completely misses you.
The ufetubus barely misses you. x2
The ufetubus closely misses you. The ufetubus hits you. x2
The ufetubus barely misses you. x2
You hit the ufetubus.
The ufetubus is moderately wounded.
The ufetubus barely misses you. x3; The ufetubus misses you.
The ufetubus barely misses you. The ufetubus hits you.
The ufetubus closely misses you. x2
You hit the ufetubus.
The ufetubus is poisoned.
The ufetubus is heavily wounded.
The ufetubus slips past you! The ufetubus barely misses you.
The ufetubus misses you. The ufetubus hits you.
* * * LOW HITPOINT WARNING * * *
The ufetubus barely misses you. The ufetubus hits you.
* * * LOW HITPOINT WARNING * * *
The ufetubus hits you.
You die... "I guess I need a new plaything now."

........##.#
####.>###.....##
........##.###
##.##.......#
##########...##
#..........#
###..###
####.......# ##...#
##)....## ###.##
##...##
#..#########..#####
#.5.....# ##......
#.@.....# ###'###
........5....#
#...#.
..####.......#
#...#≈ #.......#
#...#≈ #########
#...#~ #...#~
#...#~ #...#.
#.....


You could see 2 ufetubi.

Vanquished Creatures
  A dart slug (D:1)
  4 bats (D:1)
  An endoplasm (D:1)
  A goblin (D:1)
  4 hobgoblins (D:1)
  2 kobolds (D:1)
  A quokka (D:1)
  A ball python (D:1)
  4 frilled lizards (D:1)
19 creatures vanquished.

Notes
Turn   | Place    | Note
-------+----------+-------------------------------------------
     0 | D:1      | Xavori the Djinni Chaos Knight began the quest for the Orb.
     0 | D:1      | Reached XP level 1. HP: 20/20 MP: 0/0
    42 | D:1      | XOM: silly message
    62 | D:1      | XOM: silly message
    88 | D:1      | Reached XP level 2. HP: 25/25 MP: 0/0
   316 | D:1      | Reached XP level 3. HP: 30/30 MP: 0/0
   316 | D:1      | Learned a level 1 spell: Foxfire
   452 | D:1      | XOM: summons 2 hostile demons
   463 | D:1      | Slain by an ufetubus

Illustrated notes

Levels and vault maps discovered:
D:1:      lightli_arrival_quake, layout_rooms

Action                     || total
---------------------------++-------
  Melee: Falchion          ||    60
 Armour: Leather armour    ||    75
  Dodge: Dodged            ||    84

Table legend: (Time is in decaauts)
 A = Elapsed time spent in this place.
 B = Non-inter-level travel time spent in this place.
 C = Inter-level travel time spent in this place.
 D = Time resting spent in this place.
 E = Time spent auto-exploring this place.
 F = Levels seen in this place.
 G = Mean time per level.
                   A        B        C        D        E       F      G
               +--------+--------+--------+--------+--------+-----+--------+
         Total |    473 |    473 |      0 |      0 |    343 |   1 |  473.0 |
       Dungeon |    473 |    473 |      0 |      0 |    343 |   1 |  473.0 |
               +--------+--------+--------+--------+--------+-----+--------+

Top non-repeatable levels by time:
     D:1: 473 daAuts
